 Dungeon Crawl Stone Soup version 0.27.1-33-g824d729ab1 (webtiles) character file.

Game seed: 5008292824830253870

37239 pkoi the Black Belt (level 13, -5/102 HPs)
             Began as a Purple Draconian Monk on Dec 20, 2021.
             Was a High Priest of the Shining One.
             Slain by a seven-headed hydra (7 damage)
             ... on level 2 of the Lair of Beasts.
             The game lasted 00:42:37 (32481 turns).

pkoi the Black Belt (Purple Draconian Monk)        Turns: 32481, Time: 00:42:38

Health: -5/102     AC: 14    Str: 14    XL:     13   Next: 57%
Magic:  3/21       EV: 16    Int: 19    God:    the Shining One [*****.]
Gold:   1025       SH:  8    Dex: 14    Spells: 14/22 levels left

rFire    . . .     SeeInvis .     - Unarmed
rCold    + . .     Faith    .   (no shield)
rNeg     + + .     Spirit   .   (armour unavailable)
rPois    +         Reflect  .   (helmet restricted)
rElec    .         Harm     .   k - +0 cloak
rCorr    .         Rampage  .   y - +2 pair of gloves of Cyseck {Int+4}
Will     +....                  h - +1 pair of boots
Stlth    +.........             n - amulet of the acrobat
HPRegen  0.27/turn              C - ring of poison resistance
MPRegen  0.17/turn              v - ring of protection from cold

@: divinely shielded, sluggish, glowing, very slow
A: breathe power, AC +8, unfitting armour, cold-blooded
a: Breathe Dispelling Energy, Renounce Religion, Divine Shield, Cleansing Flame,
Summon Divine Warrior


You were on level 2 of the Lair of Beasts.
You worshipped the Shining One.
The Shining One was extremely pleased with you.
You visited 3 branches of the dungeon, and saw 17 of its levels.

You collected 1025 gold pieces.

Inventory:

Hand Weapons
 b - a +1 whip of electrocution
 f - a +0 dagger
Missiles
 d - 56 poisoned darts
 m - 14 boomerangs
 w - 5 throwing nets
Armour
 h - a +1 pair of boots (worn)
 k - a +0 cloak (worn)
 y - the +2 pair of gloves of Cyseck (worn) {Int+4}
   (You found it on level 10 of the Dungeon)

   Int:       It affects your intelligence (+4).
Jewellery
 n - an amulet of the acrobat (around neck)
 r - a ring of ice
 u - a ring of willpower
 v - a ring of protection from cold (right hand)
 C - a ring of poison resistance (left hand)
 D - a ring of wizardry
 E - a ring of ice
Wands
 a - a wand of iceblast (7)
 o - a wand of polymorph (7)
 s - a wand of flame (28)
 B - a wand of acid (6)
Scrolls
 e - a scroll of magic mapping
 j - 2 scrolls of summoning
 q - 6 scrolls of identify
 x - a scroll of amnesia
 z - a scroll of enchant weapon
 A - a scroll of enchant armour
 F - a scroll of blinking
 G - a scroll of holy word
Potions
 g - 6 potions of heal wounds
 i - a potion of flight
 l - a potion of cancellation
 p - 2 potions of brilliance
 t - 4 potions of curing


   Skills:
 - Level 5.8 Fighting
 + Level 8.3 Dodging
 - Level 1.7 Stealth
 + Level 15.5 Unarmed Combat
 + Level 5.4 Spellcasting
 + Level 4.5 Translocations
 + Level 11.7 Air Magic
 - Level 5.7 Invocations


You had 14 spell levels left.
You knew the following spells:

 Your Spells              Type           Power      Damage    Failure   Level
a - Airstrike             Air            24%        N/A       1%          4
b - Swiftness             Air            49%        N/A       1%          3
c - Apportation           Tloc           44%        N/A       1%          1

Your spell library contained the following spells:

 Spells                   Type           Power      Damage    Failure   Level
 Shock                    Conj/Air       100%       1d9       1%          1
 Summon Lightning Spire   Summ/Air       27%        N/A       11%         4
 Corona                   Hex            5%         N/A       12%         1
 Magic Dart               Conj           20%        1d4       12%         1
 Ensorcelled Hibernation  Hex/Ice        10%        N/A       19%         2
 Sublimation of Blood     Necr           2%         N/A       19%         2
 Wereblood                Tmut           5%         N/A       19%         2
 Passage of Golubria      Tloc           N/A        N/A       19%         4
 Frozen Ramparts          Ice            10%        1d3       34%         3
 Ozocubu's Armour         Ice            5%         N/A       34%         3
 Tukima's Dance           Hex            5%         N/A       34%         3
 Ice Form                 Ice/Tmut       5%         N/A       75%         4
 Petrify                  Tmut/Erth      5%         N/A       75%         4
 Summon Ice Beast         Ice/Summ       5%         N/A       75%         4
 Alistair's Intoxication  Tmut/Pois      3%         N/A       97%         5
 Irradiate                Conj/Tmut      2%         3d14      97%         5
 Metabolic Englaciation   Hex/Ice        2%         N/A       97%         5
 Yara's Violent Unravell  Hex/Tmut       2%         3d3       97%         5
 Maxwell's Capacitive Co  Air            24%        ∞         99%         8
 Invisibility             Hex            2%         N/A       100%        6
 Simulacrum               Ice/Necr       2%         N/A       100%        6
 Ozocubu's Refrigeration  Ice            2%         4d5       100%        7
 Storm Form               Tmut/Air       13%        N/A       100%        7
 Summon Hydra             Summ           2%         N/A       100%        7


Dungeon Overview and Level Annotations

Branches:
Dungeon (12/15)            Temple (1/1) D:4            Lair (4/6) D:9
  Swamp (0/4) Lair:2       Spider (0/4) Lair:2          Orc (0/2) D:10

Altars:
Ashenzari
Cheibriados
Dithmenos
Elyvilon
Fedhas
Gozag
Hepliaklqana
Kikubaaqudgha
Makhleb
Nemelex Xobeh
Okawaru
Qazlal
Ru
Sif Muna
Trog
Uskayaw
Vehumet
Wu Jian
Xom
Yredelemnul
Zin
The Shining One
Beogh
Lugonu

Portals:
Abyss: D:4
Trove: D:10 (give 18 potions of curing)


Innate Abilities, Weirdness & Mutations

You can breathe bolts of dispelling energy.
Your rich purple scales are hard. (AC +8)
You cannot fit into any form of body armour.
You are cold-blooded and may be slowed by cold attacks.


Message History

Press: ? - help, Q - select action, (/) - cycle Dir - move target, f/p - seven-headed hydra
Aim: a seven-headed hydra (moderately wounded, haloed)
The air twists around and strikes the seven-headed hydra!
The seven-headed hydra is heavily wounded.
You start to feel a little faster.
The seven-headed hydra closely misses you.
The seven-headed hydra bites you!
* * * LOW HITPOINT WARNING * * *
The seven-headed hydra misses you.
The seven-headed hydra barely misses you.
The seven-headed hydra closely misses you. x2
The seven-headed hydra bites you.
* * * LOW HITPOINT WARNING * * *
Aiming: Airstrike (mildly dangerous; 1% risk of failure)
Press: ? - help, Q - select action, (/) - cycle Dir - move target, f/p - seven-headed hydra
Aim: a seven-headed hydra (heavily wounded, haloed)
The air twists around and strikes the seven-headed hydra!
The seven-headed hydra is severely wounded.
The seven-headed hydra bites you but does no damage.
The seven-headed hydra barely misses you.
You block the seven-headed hydra's attack. x2
The seven-headed hydra closely misses you.
The seven-headed hydra bites you but does no damage.
The seven-headed hydra misses you.
Unknown command.
You don't have enough magic to cast this spell.
You don't have enough magic to cast this spell.
Unknown command.
You hit the seven-headed hydra.
The seven-headed hydra is severely wounded.
The seven-headed hydra bites you!
* * * LOW HITPOINT WARNING * * *
The seven-headed hydra misses you. The seven-headed hydra bites you.
* * * LOW HITPOINT WARNING * * *
The seven-headed hydra misses you. The seven-headed hydra bites you!
* * * LOW HITPOINT WARNING * * *
The seven-headed hydra bites you!
* * * LOW HITPOINT WARNING * * *
The seven-headed hydra bites you!
You die...

#....# #.....# ####.#≈ ###'##
##P#..## ###..+#. .....##
#####..# #.......
......#######.###'## #.......
.........#.........# #.......
.......#.#.........# #####.......
........##.........###P#.........
.....P...+.........##....+.......
.>....##.......D@..+...##........
......####..........#.####.......
......# #.........#### ##...<...
..##.## #..####.#P# #........
#.#### #### ##### ####.#### ###
###


You could see a seven-headed hydra.

Vanquished Creatures
  4 hydras
  Harold (D:11)
  Fannar (Lair:2)
  A vault guard (D:9)
  2 two-headed ogres
  7 death yaks
  A swamp dragon (Lair:2)
  A cyclops (D:11)
  An ugly thing (D:11)
  4 elephants
  A torpor snail (Lair:2)
  A centaur zombie (D:11)
  9 cane toads
  A gargoyle (D:12)
  4 rime drakes
  3 komodo dragons
  A yaktaur (D:12)
  A troll (D:12)
  A hornet (D:9)
  6 jumping spiders
  Prince Ribbit (Lair:1)
  3 polar bears
  Grinder (D:6)
  11 blink frogs
  Sigmund (D:2)
  3 shadows
  6 redbacks
  A basilisk (Lair:4)
  A wyvern (Lair:1)
  29 yaks
  3 steam dragons
  2 vampire mosquitoes (D:11)
  2 acid dragons (D:11)
  9 water moccasins
  5 orc warriors
  A sky beast (D:7)
  A black bear (Lair:2)
  2 necrophages (D:5)
  4 centaurs
  14 wolves
  An ogre (D:5)
  A phantom (D:10)
  A kobold brigand (D:10)
  5 bullfrogs
  2 gnoll sergeants
  A scorpion (D:7)
  2 wyvern zombies (D:8)
  A water moccasin zombie (D:5)
  A wyvern skeleton (D:6)
  A troll zombie (D:10)
  11 killer bees
  3 wights (D:10)
  A howler monkey (D:12)
  A bullfrog zombie (D:5)
  2 electric eels (Lair:4)
  7 hounds
  5 gnoll shamans
  5 orc priests
  3 jellies
  A centaur skeleton (D:7)
  5 hell rats (Lair:3)
  7 iguanas
  15 orc wizards
  2 killer bee zombies
  7 ogre zombies (D:10)
  2 howler monkey zombies (D:9)
  20 gnolls
  A howler monkey skeleton (D:5)
  5 adders
  2 shadow imps
  A white imp (D:7)
  A worm (D:2)
  5 dart slugs
  37 orcs
  8 ball pythons
  12 endoplasms
  A giant cockroach (D:2)
  11 goblins
  9 hobgoblins
  A jackal (D:5)
  15 kobolds
  5 quokkas
  10 bats
  3 frilled lizards
  A goblin skeleton (D:10)
  2 goblin zombies (D:10)
  A hobgoblin skeleton (D:10)
  3 hobgoblin zombies (D:10)
  3 orc skeletons (D:10)
  15 orc zombies (D:10)
  8 rats
424 creatures vanquished.

Vanquished Creatures (collateral kills)
  Erica (D:7)
1 creature vanquished.

Vanquished Creatures (others)
  A wolf (Lair:2)
  2 bushes
  33 fungi
  2 lurking horrors (D:4)
  34 plants
72 creatures vanquished.

Grand Total: 497 creatures vanquished

Notes
Turn   | Place    | Note
-------+----------+-------------------------------------------
     0 | D:1      | pkoi the Draconian Monk began the quest for the Orb.
     0 | D:1      | Reached XP level 1. HP: 19/19 MP: 1/1
   376 | D:1      | Reached XP level 2. HP: 22/26 MP: 2/2
   723 | D:1      | Reached skill level 4 in Unarmed Combat
   972 | D:1      | Reached XP level 3. HP: 23/31 MP: 3/3
  1053 | D:1      | Found a faded altar of an unknown god.
  1928 | D:2      | Reached XP level 4. HP: 14/38 MP: 4/4
  2170 | D:2      | Reached skill level 5 in Unarmed Combat
  2294 | D:2      | Noticed Sigmund
  3508 | D:4      | Found a burning altar of Makhleb.
  3706 | D:4      | Found a staircase to the Ecumenical Temple.
  3715 | D:4      | Found a sparkling altar of Nemelex Xobeh.
  3741 | Temple   | Entered the Ecumenical Temple
  3860 | Temple   | Became a worshipper of the Shining One
  3860 | Temple   | Reached * piety under the Shining One
  3860 | Temple   | Reached ** piety under the Shining One
  3930 | D:4      | Found a one-way gate to the infinite horrors of the Abyss.
  3930 | D:4      | Found a corrupted altar of Lugonu.
  3937 | D:4      | Reached XP level 5. HP: 45/45 MP: 5/5
  4569 | D:4      | Found a radiant altar of Vehumet.
  4578 | D:4      | Reached skill level 6 in Unarmed Combat
  4588 | D:4      | Got Vehumet's Compendium of Attacks
  4720 | D:4      | Found an ancient bone altar of Kikubaaqudgha.
  4732 | D:4      | Found a shimmering blue altar of Sif Muna.
  4977 | D:4      | Reached XP level 6. HP: 45/51 MP: 6/6
  5318 | D:5      | Entered Level 5 of the Dungeon
  5455 | D:5      | Found a stormy altar of Qazlal.
  5475 | D:5      | Reached skill level 7 in Unarmed Combat
  5566 | D:5      | Noticed a water moccasin
  5593 | D:4      | HP: 2/51 [water moccasin (7)]
  5601 | D:4      | Reached skill level 8 in Unarmed Combat
  5604 | D:4      | Killed a water moccasin
  5605 | D:4      | Your scales start taking on a rich purple colour.
  5605 | D:4      | Reached XP level 7. HP: 25/57 MP: 7/7
  5989 | D:5      | Found a snail-covered altar of Cheibriados.
  5998 | D:5      | Found a glowing silver altar of Zin.
  6569 | D:5      | Reached skill level 9 in Unarmed Combat
  6569 | D:5      | Reached XP level 8. HP: 61/66 MP: 8/8
  6659 | D:4      | HP: 1/66 [wolf (4)]
  8062 | D:6      | Reached skill level 10 in Unarmed Combat
  8074 | D:6      | Reached skill level 5 in Dodging
  8390 | D:6      | Noticed Grinder
  8403 | D:6      | Killed Grinder
  8404 | D:6      | Reached XP level 9. HP: 52/71 MP: 9/9
  8587 | D:6      | Reached *** piety under the Shining One
  9407 | D:7      | Reached skill level 11 in Unarmed Combat
  9640 | D:7      | Found a hide-covered altar of Uskayaw.
  9784 | D:7      | Found a basalt altar of Yredelemnul.
 10136 | D:7      | Learned a level 4 spell: Airstrike
 10155 | D:7      | Found a white marble altar of Elyvilon.
 10515 | D:7      | Reached skill level 1 in Spellcasting
 10755 | D:8      | Reached skill level 1 in Air Magic
 11222 | D:8      | Noticed Erica
 11376 | D:7      | Killed Erica
 12073 | D:8      | Identified the +5 dagger of the End {pain, +Blink}
 12287 | D:8      | Reached XP level 10. HP: 78/78 MP: 16/16
 12326 | D:8      | Found an iron altar of Okawaru.
 12511 | D:9      | Reached **** piety under the Shining One
 12537 | D:9      | Reached skill level 12 in Unarmed Combat
 12618 | D:9      | Learned a level 3 spell: Swiftness
 12636 | D:9      | Noticed a death yak
 12636 | D:9      | Noticed a death yak
 12795 | D:9      | Found a sacrificial altar of Ru.
 12817 | D:9      | Noticed a death yak
 12817 | D:9      | Noticed a death yak
 12835 | D:10     | Entered Level 10 of the Dungeon
 12855 | D:10     | Found a staircase to the Orcish Mines.
 12855 | D:10     | Reached ***** piety under the Shining One
 12888 | D:10     | Reached skill level 5 in Air Magic
 13433 | D:10     | Identified the +2 pair of gloves of Cyseck {Int+4}
 14191 | D:10     | Noticed a vault guard
 14472 | D:10     | Found a portal to a secret trove of treasure.
 14624 | D:11     | Noticed a two-headed ogre
 14627 | D:11     | Noticed a cyclops
 14656 | D:11     | Killed a cyclops
 15437 | D:11     | Noticed Harold
 15455 | D:11     | Killed Harold
 15456 | D:11     | Reached skill level 13 in Unarmed Combat
 15715 | D:11     | Noticed a brown ugly thing
 15726 | D:11     | Killed a brown ugly thing
 16107 | D:11     | Reached XP level 11. HP: 81/84 MP: 17/17
 18299 | D:12     | Killed a two-headed ogre
 19055 | D:2      | Killed Sigmund
 19355 | D:8      | Killed a death yak
 19356 | D:8      | Reached skill level 1 in Invocations
 19660 | D:9      | Found a staircase to the Lair.
 19661 | D:9      | Noticed a death yak
 19663 | D:9      | Noticed a death yak
 19920 | D:8      | Killed a death yak
 20062 | D:9      | Killed a vault guard
 20063 | D:9      | Reached skill level 14 in Unarmed Combat
 20199 | D:8      | Killed a death yak
 20947 | D:9      | Noticed a two-headed ogre
 20952 | D:9      | Killed a two-headed ogre
 21261 | D:9      | Noticed a death yak
 21369 | Lair:1   | Entered Level 1 of the Lair of Beasts
 21907 | D:7      | Killed a death yak
 22166 | D:8      | Killed a death yak
 22167 | D:8      | Reached skill level 5 in Invocations
 22167 | D:8      | Reached XP level 12. HP: 67/91 MP: 3/18
 22907 | D:8      | Killed a death yak
 22908 | D:8      | Reached skill level 10 in Air Magic
 23194 | D:8      | Killed a death yak
 23430 | Lair:1   | Paralysed by a hornet for 1 turns
 24101 | Lair:1   | Noticed Prince Ribbit
 24532 | Lair:1   | Killed Prince Ribbit
 24788 | Lair:1   | Got Sif Muna's Compendium of Cold
 24876 | Lair:1   | Noticed a five-headed hydra
 24884 | Lair:1   | Killed a five-headed hydra
 25435 | Lair:2   | Reached skill level 5 in Fighting
 26848 | Lair:2   | Learned a level 1 spell: Apportation
 26954 | Lair:2   | Reached skill level 15 in Unarmed Combat
 26958 | Lair:2   | Reached skill level 1 in Translocations
 27093 | Lair:2   | Noticed Fannar
 27100 | Lair:2   | Killed Fannar
 27202 | Lair:2   | Noticed an eight-headed hydra
 27272 | Lair:2   | Killed an eight-headed hydra
 27393 | Lair:2   | Found a staircase to the Swamp.
 27813 | Lair:2   | Reached XP level 13. HP: 102/102 MP: 3/19
 28226 | Lair:2   | Found a hole to the Spider Nest.
 31090 | Lair:4   | Reached skill level 5 in Spellcasting
 32481 | Lair:2   | HP: 2/102 [seven-headed hydra (12)]
 32481 | Lair:2   | Slain by a seven-headed hydra

Illustrated notes

Levels and vault maps discovered:
D:1:      dpeg_arrival_short_road, layout_loops_corners,
          shapermc_ecumenical_altar_starsandcircs
D:2:      minmay_evil_eye, layout_rooms, uniq_sigmund
D:3:      layout_loops_corners, nrook_loot_triangle
D:4:      layout_gridville, palyth_temple_overflow_mages,
          mainiacjoe_overflow_catch_the_wave, minmay_temple_entry_glassed_door,
          amcnicky_altar_lugonu_corruption
D:5:      layout_cave_pools, mainiacjoe_overflow_catwalk_spiral,
          mainiacjoe_overflow_boulevard, serial_gnoll_camp,
          gnoll_camp_mini_loothouse, gnoll_camp_mini_hut, gnoll_camp_huts_basic,
          gnoll_camp_mini_hut, gnoll_camp_mini_hut, gnoll_camp_mini_basic,
          kennysheep_generic_room_6
D:6:      layout_layer_cave, patterned_corridor, uniq_grinder
D:7:      layout_layer_cave, kennysheep_ying_yang, overflow_temple_1_default
D:8:      layout_rooms, kennysheep_mini_moat, uniq_erica
D:9:      layout_irregular_city, nicolae_ru_great_annihilating_truth,
          dpeg_lair_monsters, david_defended_altar_orc
D:10:     layout_basic, zombieorc2_lemuel, enter_trove_5, minmay_orc_keep
D:11:     layout_roguey, kennysheep_another_room, minmay_holes, uniq_harold
D:12:     layout_rooms
Temple:   kb_temple_of_zot
Lair:1:   layout_hall_layers, grunt_megastairs_4, uniq_prince_ribbit2
Lair:2:   layout_roguey, minmay_swamp_entry_reptiles,
          nicolae_spider_entry_tight_spaces, serial_bayou_shore_b,
          infiniplex_staircase_pool_2, uniq_fannar
Lair:3:   layout_big_grid, minivault_23
Lair:4:   layout_concentric_octagons, ice2_lemuel, serial_bayou_shore_a,
          infiniplex_staircase_pool, uniq_urug

Skill      XL: |  1  2  3  4  5  6  7  8  9 10 11 12 13 |
---------------+----------------------------------------+-----
Unarmed Combat | 4 5 6 8 9 10 11 13 14 15 | 15.5
Dodging        | 4 5 6 7 8 |  8.3
Fighting       | 4 5 |  5.8
Spellcasting   | 4 5 |  5.4
Air Magic      | 3 7 9 11 | 11.7
Invocations    | 5 |  5.7
Translocations | 2 4 |  4.5
Stealth        | |  1.7

Action                   |  1- 3 |  4- 6 |  7- 9 | 10-12 | 13-15 || total
-------------------------+-------+-------+-------+-------+-------++-------
Melee: Unarmed           |   137 |   181 |   396 |   612 |   177 ||  1503
       Tailslap          |    18 |    26 |    43 |    80 |    19 ||   186
       Punch             |     3 |     3 |    14 |    27 |    14 ||    61
Throw: Dart              |       |       |       |     1 |       ||     1
 Cast: Airstrike         |       |       |       |   166 |    90 ||   256
       Swiftness         |       |       |       |    11 |     3 ||    14
Invok: Divine Shield     |       |       |     1 |     9 |     3 ||    13
 Abil: Breathe Dispellin |       |       |     3 |     2 |       ||     5
Evoke: Wand              |       |       |     2 |     1 |       ||     3
  Use: Scroll            |     1 |     8 |    10 |     5 |     1 ||    25
       Potion            |       |     4 |     1 |       |       ||     5
 Stab: Sleeping          |    10 |     5 |       |       |       ||    15
Armor: Skin              |    37 |    69 |   114 |   119 |    89 ||   428
Dodge: Dodged            |    67 |   140 |   368 |   347 |   166 ||  1088
Block: Other             |       |       |       |    11 |     8 ||    19
